 Dungeon Crawl Stone Soup version 0.31-a0-590-g8a5a4361df (webtiles) character file.

Game seed: 6124407553468522539

202182 thirtiethelement the Eclecticist (level 17, -1/100 HPs)
             Began as a Demonspawn Cinder Acolyte on Aug 20, 2023.
             Was a Believer of Wu Jian.
             Killed from afar by a starcursed mass (2 damage)
             ... with an accursed screaming
             ... on level 1 of the Spider Nest.
             The game lasted 03:02:21 (35386 turns).

thirtiethelement the Eclecticist (DsCA)            Turns: 35386, Time: 03:02:22

Health: -1/100     AC: 31    Str: 15    XL:     17   Next: 93%
Magic:  0/36       EV: 15    Int: 10    God:    Wu Jian [**....]
Gold:   2980       SH:  0    Dex: 10    Spells: 19/46 levels left

rFire   . . .        n - +5 dagger of Uncomfortable Rashes {spect, rPois Will- Stlth+}
rCold   + . .        (no shield)
rNeg    . . .        C - +11 scale mail of Eckoczot {Fly rCorr Int-5}
rPois   +            (no helmet)
rElec   .            f - +1 cloak of Starlight {*Dazzle EV+4 Stlth--}
rCorr   +            (gloves unavailable)
SInv    +            Q - +2 pair of boots
Will    .....        o - amulet of Yendor {RegenMP rC+ Int-5 Slay+6 SInv} Stlth
                     H - +4 ring of slaying
HPRegen 0.36/turn    F - +4 ring of protection
MPRegen 0.90/turn

%: guardian spirit
@: flying, unable to read, fire susceptible, unable to drink
A: yellow scales 1, ignite blood 2, augmentation 2, magic shield, magic
regeneration, demonic touch 3, fangs 1, [clumsy 1], [frail 2], [inability to
drink after injury 1], [inability to read after injury 2]
}: 1/15 runes: barnacled
a: Renounce Religion, Wall Jump


You were on level 1 of the Spider Nest.
You worshipped Wu Jian.
Wu Jian was pleased with you.
You visited 6 branches of the dungeon, and saw 28 of its levels.
You visited the Abyss 1 time.
You also visited: Ossuary, Ice Cave and Volcano.

You collected 3104 gold pieces.
You spent 124 gold pieces at shops.

Inventory:

Hand Weapons
 g - the +0 quick blade "Ysim" {heavy, Will+ Str+2 Int+2}
   (You acquired it on level 6 of the Dungeon)

   Str+2:     It affects your strength (+2).
   Int+2:     It affects your intelligence (+2).
   Will+:     It increases your willpower.
 n - the +5 dagger of Uncomfortable Rashes (weapon) {spect, rPois Will- Stlth+}
   (You found it on level 10 of the Dungeon)

   rPois:     It protects you from poison Will-: It decreases your willpower.
   Stlth+:    It makes you more stealthy.
 D - the +9 dagger of Egoam {heavy, rN+ SInv}
   (You found it on level 4 of the Shoals)

   rN+:       It protects you from negative energy.
   SInv:      It lets you see invisible.
Missiles
 i - 14 atropa-tipped darts
 L - 15 boomerangs
 S - 12 silver javelins (quivered)
Armour
 a - the +2 cloak of Buunitoj {Will+}
   (You found it on level 13 of the Dungeon)

   Will+:     It increases your willpower.
 f - the +1 cloak of Starlight (worn) {*Dazzle EV+4 Stlth--}
   (You found it on level 4 of the Shoals)

   *Dazzle:   It may blind those who miss an attack against the wearer in melee
   combat.
   EV+4:      It affects your evasion (+4).
   Stlth--:   It makes you much less stealthy.
 B - +0 steam dragon scales
 C - the +11 scale mail of Eckoczot (worn) {Fly rCorr Int-5}
   (You found it on level 3 of the Lair of Beasts)

   Int-5:     It affects your intelligence (-5).
   Fly:       It grants you flight.
   rCorr:     It protects you from acid and corrosion.
 Q - a +2 pair of boots (worn)
Jewellery
 o - the amulet of Yendor (around neck) {RegenMP rC+ Int-5 Slay+6 SInv}
   (You found it on level 2 of the Lair of Beasts)

   [amulet of magic regeneration]

   RegenMP:   It increases your rate of magic regeneration.
   Int-5:     It affects your intelligence (-5).
   Slay+6:    It affects your accuracy & damage with ranged weapons and melee
   (+6).
   rC+:       It protects you from cold.
   SInv:      It lets you see invisible.
 s - the amulet "Cinwamac" {Acrobat rN+ SInv}
   (You found it on level 5 of the Lair of Beasts)

   [amulet of the acrobat]

   Acrobat:   It increases your evasion while moving and waiting.
   rN+:       It protects you from negative energy.
   SInv:      It lets you see invisible.
 y - a ring of protection from cold
 A - a ring of positive energy
 F - a +4 ring of protection (right hand)
 G - a ring of poison resistance
 H - a +4 ring of slaying (left hand)
 W - an amulet of regeneration
 Y - a ring of willpower
Talismans
 N - a talisman of death
Wands
 d - a wand of acid (12)
 h - a wand of iceblast (17)
 w - a wand of flame (48)
 x - a wand of polymorph (28)
Scrolls
 c - 3 scrolls of torment
 e - 2 scrolls of fear
 l - 3 scrolls of enchant armour
 m - 5 scrolls of teleportation
 z - 3 scrolls of brand weapon
 I - 2 scrolls of fog
 J - a scroll of amnesia
 O - a scroll of enchant weapon
 P - 5 scrolls of identify
 T - a scroll of silence
 X - a scroll of poison
Potions
 b - 7 potions of brilliance
 k - a potion of enlightenment
 p - a potion of mutation
 q - 7 potions of curing
 u - 2 potions of might
 v - 3 potions of ambrosia
 E - 2 potions of cancellation
 M - 2 potions of resistance
 R - 2 potions of haste
 U - 3 potions of magic
Miscellaneous
 j - a condenser vane
 t - a sack of spiders (inert)
 K - a phantom mirror


   Skills:
 + Level 9.0 Fighting
 * Level 13.1(13.2) Short Blades
 - Level 3.2(9.1) Long Blades
 + Level 9.4 Throwing
 + Level 10.8 Armour
 + Level 6.1 Dodging
 - Level 5.1 Stealth
 + Level 15.3 Spellcasting
 + Level 4.0 Conjurations
 + Level 1.0 Transmutations
 + Level 15.0 Fire Magic
 + Level 1.3 Poison Magic


You had 19 spell levels left.
You knew the following spells:

 Your Spells              Type           Power      Damage    Failure   Level
a - Scorch                Fire           74%        2d8       1%          2
b - Sting                 Tmut/Pois      40%        1d5       14%         1
c - Ignite Poison         Fire/Tmut/Pois 19%        N/A       6%          3
d - Sticky Flame          Conj/Fire      26%        2d5       4%          4
e - Inner Flame           Hex/Fire       22%        N/A       3%          3
f - Flame Wave            Conj/Fire      26%        2d8       4%          4
g - Volatile Blastmotes   Fire/Tloc      44%        2d13      3%          3
h - Fireball              Conj/Fire      13%        3d7       12%         5
i - Poisonous Vapours     Pois/Air       18%        N/A       26%         2

Your spell library contained the following spells:

 Spells                   Type           Power      Damage    Failure   Level
 Foxfire                  Conj/Fire      100%       2x1d9     1%          1
 Kiss of Death            Conj/Necr      44%        2d8       10%         1
 Shock                    Conj/Air       44%        1d5       10%         1
 Necrotise                Necr           28%        1d5       22%         1
 Sandblast                Erth           14%        2d6       22%         1
 Slow                     Hex            28%        N/A       22%         1
 Wereblood                Tmut           9%         N/A       22%         2
 Passwall                 Tmut/Erth      6%         N/A       28%         2
 Dazzling Flash           Conj/Hex       22%        N/A       30%         3
 Stone Arrow              Conj/Erth      22%        3d8       30%         3
 Blink                    Tloc           14%        N/A       34%         2
 Call Canine Familiar     Summ           7%         N/A       56%         3
 Confusing Touch          Hex            7%         N/A       56%         3
 Ozocubu's Armour         Ice            7%         N/A       56%         3
 Portal Projectile        Hex/Tloc       14%        N/A       56%         3
 Swiftness                Air            7%         N/A       56%         3
 Vampiric Draining        Necr           7%         2d6       56%         3
 Starburst                Conj/Fire      13%        6d5       56%         6
 Iskenderun's Battlesphe  Conj           15%        2d7       77%         5
 Olgreb's Toxic Radiance  Pois           10%        N/A       78%         4
 Plasma Beam              Fire/Air       11%        2x1d22    85%         6
 Irradiate                Conj/Tmut      6%         3d13      91%         5
 Airstrike                Air            3%         2d(1-17)  92%         4
 Dispel Undead            Necr           7%         3d8       92%         4
 Leda's Liquefaction      Hex/Erth       3%         N/A       92%         4
 Manifold Assault         Tloc           7%         N/A       92%         4
 Passage of Golubria      Tloc           7%         N/A       92%         4
 Summon Ice Beast         Ice/Summ       7%         N/A       92%         4
 Ignition                 Fire           18%        3d7       97%         8
 Alistair's Intoxication  Tmut/Pois      6%         N/A       98%         5
 Agony                    Necr           7%         N/A       99%         5
 Borgnjor's Vile Clutch   Necr/Erth      3%         N/A       99%         5
 Silence                  Hex/Air        3%         N/A       99%         5
 Summon Forest            Summ/Tloc      3%         N/A       99%         5
 Summon Mana Viper        Hex/Summ       7%         N/A       99%         5
 Yara's Violent Unravell  Hex/Tmut       4%         3d4       99%         5
 Conjure Ball Lightning   Conj/Air       5%         3x3d6     100%        6
 Dispersal                Tloc           3%         N/A       100%        6
 Eringya's Noxious Bog    Tmut/Pois      5%         4d6       100%        6
 Simulacrum               Ice/Necr       3%         N/A       100%        6
 Summon Cactus Giant      Summ           3%         N/A       100%        6
 Enfeeble                 Hex            3%         N/A       100%        7
 Orb of Destruction       Conj           7%         9d6       100%        7
 Ozocubu's Refrigeration  Ice            3%         4d8       100%        7
 Discord                  Hex            3%         N/A       100%        8
 Disjunction              Tloc           3%         N/A       100%        8
 Lehudib's Crystal Spear  Conj/Erth      5%         10d3      100%        8
 Maxwell's Capacitive Co  Air            3%         ∞         100%        8
 Chain Lightning          Conj/Air       5%         3d7       100%        9
 Fire Storm               Conj/Fire      13%        8d3       100%        9
 Shatter                  Erth           3%         3d7*      100%        9


Dungeon Overview and Level Annotations

Branches:
Dungeon (15/15)            Temple (1/1) D:7            Lair (5/5) D:8
 Shoals (4/4) Lair:2       Spider (1/4) Lair:2        Slime (0/5) Lair:5
    Orc (2/2) D:10            Elf (0/3) Orc:2        Vaults (0/5) D:14
 Depths (0/4) D:15        Ossuary (visited)           IceCv (visited)
Volcano (visited)

Altars:
Ashenzari
Cheibriados
Dithmenos
Fedhas
Gozag
Hepliaklqana
Kikubaaqudgha
Makhleb
Nemelex Xobeh
Okawaru
Qazlal
Ru
Sif Muna
Trog
Uskayaw
Vehumet
Wu Jian
Xom
Yredelemnul

Shops:
D:9 ?   Orc:2 *([:

Portals:
Trove: D:11 (show abyssal rune of Zot)

Annotations:
D:10 exclusion: ice statue
Spider:1 Louise


Innate Abilities, Weirdness & Mutations

You are partially covered in yellow scales. (AC +2)
Your demonic aura often causes spilled blood to erupt in flames.
Your magical and physical power is enhanced at high health.
When hurt, damage is shared between your health and your magic reserves.
You regenerate magic rapidly.
Your touch may irresistibly damage your foes and sap their willpower.
You have very sharp teeth.
[You are clumsy. (Dex -2)]
[You are very frail. (-20% HP)]
[You occasionally lose the ability to drink potions when taking damage.]
[You sometimes lose the ability to read scrolls when taking damage.]


Message History

Press: ? - help, Dir - move target, f - jumping spider
Aim: a jumping spider (heavily wounded, about 25% to evade the +5 dagger of Uncomfortable Rashes)
Okay, then.
You reach into the sack... ...and things crawl out!
The sack is emptied!
You spin and attack the jumping spider repeatedly.
You barely miss the jumping spider.
The jumping spider is heavily wounded.
You hit the jumping spider.
The jumping spider is heavily wounded.
You spin and attack the tarantella repeatedly.
You miss the tarantella.
You touch the tarantella!
You sap its willpower!
The tarantella is moderately wounded.
You closely miss the tarantella. Your bite misses the tarantella.
The tarantella is moderately wounded.
Your +5 dagger of Uncomfortable Rashes {spect, rPois Will- Stlth+} hits the tarantella. x2
Your +5 dagger of Uncomfortable Rashes {spect, rPois Will- Stlth+} hits the jumping spider but does no damage.
Your +5 dagger of Uncomfortable Rashes {spect, rPois Will- Stlth+} hits the jumping spider.
The jumping spider pounces on your +5 dagger of Uncomfortable Rashes {spect, rPois Will- Stlth+} but does no damage.
The jumping spider bites your +5 dagger of Uncomfortable Rashes {spect, rPois Will- Stlth+} but does no damage.
The jumping spider leaps!
The jumping spider pounces on your +5 dagger of Uncomfortable Rashes {spect, rPois Will- Stlth+}!
Your spectral weapon shares its damage with you!
* * * LOW HITPOINT WARNING * * *
The jumping spider bites your +5 dagger of Uncomfortable Rashes {spect, rPois Will- Stlth+} but does no damage.
The tarantella touches your +5 dagger of Uncomfortable Rashes {spect, rPois Will- Stlth+}!
Your spectral weapon shares its damage with you!
Your +5 dagger of Uncomfortable Rashes {spect, rPois Will- Stlth+} appears confused.
The steelbarb worm is engulfed in blazing flames.
The steelbarb worm hits your +5 dagger of Uncomfortable Rashes {spect, rPois Will- Stlth+}!
Your spectral weapon shares its damage with you!
Your +5 dagger of Uncomfortable Rashes {spect, rPois Will- Stlth+} disappears.
The starcursed mass is caught in a web!
An orb spider comes into view.
The tarantella's many legs skitter faintly.
The jumping spider's many legs skitter faintly.
The jumping spider leaps!
The tarantella touches your scorpion!
The steelbarb worm is engulfed in blazing flames.
The tarantella touches your scorpion.
Your scorpion stings the tarantella. x2
The starcursed mass shrieks in your mind.
You die...

#####.##.# ##......^..###
#.........#..##
...........>.^##
........#.#....#
..#(..sX○......##
..°...s○w#......##
.......ss#....#.^####
......#.s@...##...#.###
(.s...................#
(.#...................####
..^#.s.......^....#....†.#
........#.........#.....<.
............##..........#.
...#..@..................
.................#....#.
..^....#.............


You could see a starcursed mass (webbed), Louise, a steelbarb worm, 2 orb
spiders, 2 jumping spiders, a tarantella (weak-willed, ally target) and 2
friendly scorpions.

Vanquished Creatures
  Jorgrun (Shoals:2)
  2 tentacled starspawn (Abyss:3)
  Polyphemus (Shoals:2)
  An angel (Shoals:4)
  An ironbound preserver (D:14)
  A stone giant (D:15)
  9 merfolk javelineers
  A fire dragon (Lair:5)
  An ettin (D:11)
  10 merfolk impalers
  The ghost of turgid the Thaumaturge, a journeyman OpEE of Gozag (D:13)
  An entropy weaver (Spider:1)
  4 hydras
  Erolcha (D:11)
  4 merfolk avatars
  2 ogre magi (Orc:2)
  6 boulder beetles
  A death knight (D:14)
  3 centaur warriors
  A radroach (Lair:2)
  13 two-headed ogres
  4 catoblepae
  6 merfolk aquamancers
  16 death yaks
  A hell hog (Volcano)
  3 holy swine (Shoals:4)
  3 tengu warriors (D:15)
  2 satyrs (Shoals:3)
  3 thrashing horrors (Abyss:3)
  2 demonic crawlers (Spider:1)
  Nergalle (D:10)
  Amaemon (D:9)
  Sonja (D:12)
  2 wretched stars (Abyss:3)
  A fire crab (Volcano)
  A pharaoh ant (Spider:1)
  8 sea snakes
  3 skysharks
  A spatial maelstrom (Abyss:3)
  2 deep trolls (Orc:2)
  4 cherubim (Shoals:4)
  6 steelbarb worms
  A phantasmal warrior (D:14)
  2 lindwurms (Lair:5)
  2 orc sorcerers
  An orc knight (D:15)
  3 deep elf pyromancers
  4 ugly things
  5 wolf spiders
  16 harpies
  17 cyclopes
  22 manticores
  9 fauns (Shoals:3)
  3 ice statues (IceCv)
  Maurice (D:13)
  12 black mambas
  Joseph (D:9)
  4 elephants
  4 water nymphs
  A guardian serpent (Lair:5)
  6 merfolk sirens
  12 cane toads
  6 torpor snails
  A gargoyle (D:10)
  An orange demon (D:9)
  2 molten gargoyles (Volcano)
  2 efreet
  10 komodo dragons
  2 unseen horrors (D:10)
  5 kobold demonologists
  4 rime drakes
  A freezing wraith (D:14)
  A tengu conjurer (D:15)
  31 merfolk
  4 polar bears
  3 tyrant leeches (Lair:5)
  9 tarantellas
  3 meliai (D:15)
  17 trolls
  7 wind drakes
  12 hornets
  A raiju (shapeshifter) (D:14)
  10 blink frogs
  A raiju (Abyss:3)
  10 dream sheep
  8 snapping turtles
  3 culicivoras (Spider:1)
  11 slime creatures
  4 jumping spiders (Spider:1)
  An ettin skeleton (Abyss:3)
  2 centaur simulacra
  2 shadows (D:11)
  4 water elementals
  4 vampires
  A large abomination (Abyss:3)
  3 small abominations (Abyss:3)
  8 wraiths
  18 wyverns
  14 fire bats (Volcano)
  72 yaks
  8 basilisks
  7 fire elementals
  10 starcursed masses (Abyss:3)
  6 steam dragons
  4 vampire mosquitoes
  Menkaure (D:4)
  3 death yak simulacra (IceCv)
  A harpy simulacrum (IceCv)
  10 redbacks
  6 wargs
  33 water moccasins
  3 acid dragons
  A hydra simulacrum (IceCv)
  A floating eye (D:12)
  Duvessa (D:5)
  17 orc warriors
  2 ice beasts
  19 ogres
  A sky beast (D:8)
  7 wolves
  5 centaurs
  A phantom (D:7)
  8 kobold brigands
  10 bullfrogs
  3 scorpions
  An elf skeleton (D:7)
  3 water moccasin zombies (Ossuary)
  A cane toad simulacrum (IceCv)
  4 two-headed ogre simulacra (D:13)
  Dowan (D:5)
  2 elephant simulacra
  8 killer bees
  2 howler monkeys
  3 bullfrog zombies (Ossuary)
  6 lava snakes (Volcano)
  A quasit (Abyss:3)
  A jelly (D:7)
  6 centaur zombies (Ossuary)
  A gnoll bouda (D:6)
  A hound (D:6)
  2 human zombies (D:7)
  11 orc priests
  Crazy Yiuf (D:5)
  A sleepcap (D:4)
  Terence (D:2)
  A human skeleton (D:7)
  2 iguanas
  25 orc wizards
  A troll simulacrum (D:13)
  A spriggan simulacrum (D:13)
  A polar bear simulacrum (IceCv)
  A killer bee zombie (Ossuary)
  A boggart simulacrum (D:11)
  16 mummies (Ossuary)
  2 howler monkey zombies (Ossuary)
  5 gnolls (D:6)
  A naga simulacrum (D:13)
  5 adders
  A shadow imp (D:7)
  2 ufetubi
  A worm (D:3)
  2 dart slugs
  78 orcs
  6 ball pythons
  6 endoplasms
  2 giant cockroaches
  8 goblins
  8 hobgoblins
  6 jackals (D:2)
  4 quokkas
  8 bats
  3 frilled lizards (D:1)
  8 kobolds
  An orc skeleton (D:7)
  An orc zombie (D:7)
  3 rats (D:2)
995 creatures vanquished.

Vanquished Creatures (others)
  A death yak (Shoals:4)
  A kobold demonologist (D:13)
  An orc wizard (D:11)
  An orc (Orc:2)
  37 foxfires
  A lurking horror (Abyss:3)
  9 spectral weapons
  4 starspawn tentacles (Abyss:3)
55 creatures vanquished.

Grand Total: 1050 creatures vanquished

Notes
Turn   | Place    | Note
-------+----------+-------------------------------------------
     0 | D:1      | thirtiethelement the Demonspawn Cinder Acolyte began the
                  | quest for the Orb.
     0 | D:1      | Reached XP level 1. HP: 18/18 MP: 2/2
   178 | D:1      | Gained mutation: Your demonic aura sometimes causes spilled
                  | blood to erupt in flames. [demonic ancestry]
   178 | D:1      | Reached XP level 2. HP: 22/24 MP: 3/3
   181 | D:1      | Learned a level 2 spell: Scorch
   987 | D:2      | Gained mutation: Your demonic aura often causes spilled
                  | blood to erupt in flames. [demonic ancestry]
   987 | D:2      | Reached XP level 3. HP: 29/29 MP: 1/4
  1036 | D:2      | Noticed Terence
  1072 | D:2      | Killed Terence
  1119 | D:2      | Gained mutation: Your touch may inflict minor irresistible
                  | damage on your foes. [demonic ancestry]
  1119 | D:2      | Reached XP level 4. HP: 32/35 MP: 6/6
  1720 | D:2      | Found a shadowy altar of Dithmenos.
  2132 | D:2      | Reached skill level 1 in Armour
  2400 | D:3      | Found Reseh's Book Boutique.
  2428 | D:3      | Gained mutation: Your touch may inflict irresistible damage
                  | on your foes. [demonic ancestry]
  2428 | D:3      | Reached XP level 5. HP: 8/41 MP: 2/8
  3327 | D:4      | Reached skill level 1 in Dodging
  3338 | D:4      | Noticed Menkaure
  3473 | D:4      | Killed Menkaure
  3474 | D:4      | Gained mutation: Your touch may irresistibly damage your
                  | foes and sap their willpower. [demonic ancestry]
  3474 | D:4      | Reached XP level 6. HP: 31/47 MP: 3/10
  3736 | D:4      | Found a basalt altar of Yredelemnul.
  3971 | D:4      | Learned a level 1 spell: Sting
  4011 | D:5      | Entered Level 5 of the Dungeon
  4111 | D:5      | Noticed Dowan
  4111 | D:5      | Noticed Duvessa
  4222 | D:5      | Killed Duvessa
  4223 | D:5      | Reached XP level 7. HP: 41/53 MP: 1/12
  4234 | D:5      | Killed Dowan
  4533 | D:5      | Found a runed translucent door.
  4534 | D:5      | Noticed Crazy Yiuf
  4552 | D:5      | Killed Crazy Yiuf
  4779 | D:5      | Reached skill level 1 in Poison Magic
  4805 | D:5      | Reached skill level 5 in Spellcasting
  4982 | D:5      | Noticed a shadow
  4983 | D:5      | Noticed a yak
  5140 | D:5      | Reached skill level 5 in Fire Magic
  5145 | D:6      | Reached skill level 1 in Transmutations
  5343 | D:6      | Reached XP level 8. HP: 56/60 MP: 4/15
  5866 | D:6      | Identified a scroll of acquirement
  5867 | D:6      | Acquired the +0 quick blade "Ysim" {heavy, Will+ Str+2
                  | Int+2}
  6397 | D:7      | Identified the +2 whip "Rynuops" {protect, rN+}
  6419 | D:7      | Found a sand-covered staircase.
  6426 | Ossuary  | Entered an ossuary
  6495 | Ossuary  | Reached skill level 1 in Short Blades
  6495 | Ossuary  | Reached XP level 9. HP: 33/65 MP: 7/18
  6643 | Ossuary  | Reached skill level 1 in Throwing
  6721 | Ossuary  | Gained mutation: Your magical capacity is low. (-10% MP)
                  | [potion of mutation]
  6721 | Ossuary  | Gained mutation: You are partially covered in large bone
                  | plates. (SH +4) [potion of mutation]
  6722 | Ossuary  | Lost mutation: Your magical capacity is low. (-10% MP)
                  | [potion of mutation]
  6722 | Ossuary  | Lost mutation: You are partially covered in large bone
                  | plates. (SH +4) [potion of mutation]
  6722 | Ossuary  | Gained mutation: You have very sharp teeth. [potion of
                  | mutation]
  6932 | D:7      | Found a staircase to the Ecumenical Temple.
  6960 | Temple   | Entered the Ecumenical Temple
  7429 | D:8      | Reached skill level 1 in Stealth
  7688 | D:8      | Gained mutation: Your magical and physical power is
                  | slightly enhanced at high health. [demonic ancestry]
  7688 | D:8      | Reached XP level 10. HP: 44/72 MP: 22/22
  7959 | D:8      | Found a staircase to the Lair.
  8142 | D:8      | Found the +5 woodcutter's axe
  8347 | D:9      | Noticed a two-headed ogre
  8353 | D:9      | Killed a two-headed ogre
  8901 | D:9      | Found Ummud's Magic Scroll Shop.
  8909 | D:9      | Bought a scroll of identify for 28 gold pieces
  8909 | D:9      | Bought a scroll of identify for 28 gold pieces
  8920 | D:9      | Noticed Joseph
  8921 | D:9      | Noticed Amaemon
  8958 | D:9      | Noticed an orange demon
  8962 | D:9      | Killed Joseph
  8963 | D:9      | Reached skill level 5 in Armour
  8967 | D:9      | Killed Amaemon
  8977 | D:9      | Killed an orange demon
  8978 | D:9      | Reached XP level 11. HP: 5/78 MP: 20/24
  9440 | D:9      | Noticed a two-headed ogre
  9442 | D:9      | Killed a two-headed ogre
  9773 | D:10     | Entered Level 10 of the Dungeon
  9930 | D:10     | Found a staircase to the Orcish Mines.
 10225 | D:10     | Identified the +5 dagger of Uncomfortable Rashes {spect,
                  | rPois Will- Stlth+}
 10290 | D:10     | Reached skill level 5 in Short Blades
 10700 | D:10     | Noticed Nergalle
 10716 | D:10     | Killed Nergalle
 11120 | D:11     | Reached skill level 5 in Fighting
 11141 | D:11     | Reached skill level 10 in Spellcasting
 11385 | D:11     | Noticed Erolcha
 11391 | D:11     | Noticed a boulder beetle
 11394 | D:11     | Killed Erolcha
 11413 | D:11     | Killed a boulder beetle
 11849 | D:11     | Reached skill level 10 in Fire Magic
 11974 | D:11     | Noticed a two-headed ogre
 11982 | D:11     | Killed a two-headed ogre
 11983 | D:11     | Gained mutation: Your magical and physical power is
                  | enhanced at high health. [demonic ancestry]
 11983 | D:11     | Reached XP level 12. HP: 44/86 MP: 22/26
 12044 | D:11     | HP: 2/86 [something (25)]
 12339 | D:11     | Identified the +0 ring mail of Exceptional Curiosity
                  | {+Blink}
 12579 | D:11     | Noticed an ettin
 12588 | D:11     | Killed an ettin
 12672 | D:11     | Found a portal to a secret trove of treasure.
 12811 | Lair:1   | Entered Level 1 of the Lair of Beasts
 12848 | Lair:1   | You fall into a shaft and drop 1 floor!
 12885 | Lair:2   | Noticed a five-headed hydra
 13151 | Lair:1   | Found a dark tunnel.
 13158 | Volcano  | Entered a volcano
 13383 | Volcano  | Found a burning altar of Makhleb.
 13383 | Volcano  | Noticed a hell hog
 13430 | Volcano  | Killed a hell hog
 14171 | Lair:1   | Reached XP level 13. HP: 93/93 MP: 22/28
 14305 | Lair:1   | Learned a level 3 spell: Ignite Poison
 14310 | Lair:1   | Learned a level 4 spell: Sticky Flame
 14314 | Lair:1   | Learned a level 3 spell: Inner Flame
 15772 | Lair:2   | Found a staircase to the Shoals.
 15784 | Lair:2   | Found a hole to the Spider Nest.
 15857 | Lair:2   | Reached skill level 5 in Throwing
 16062 | Lair:2   | Found the +4 consecrated labrys {holy, Valiant Fragile Fly
                  | SInv}
 16077 | Lair:2   | Found a runed translucent door.
 16178 | Lair:2   | Identified the staff "Tormentor" {rC+ Int+4 Ice}
 16182 | Lair:2   | Identified the amulet of Yendor {RegenMP rC+ Int-5 Slay+6
                  | SInv}
 16670 | Lair:3   | Learned a level 4 spell: Flame Wave
 16745 | Lair:3   | Reached skill level 1 in Conjurations
 16952 | Lair:3   | Identified the +11 scale mail of Eckoczot {Fly rCorr Int-5}
 17270 | Lair:4   | Reached XP level 14. HP: 74/100 MP: 7/30
 17514 | Lair:4   | Identified the +5 ring mail of Hepliaklqana's Scorn
                  | {Regen+}
 17629 | Lair:4   | Identified the +1 rapier of the Nine Bones {pain, rPois rF+
                  | Will+}
 17814 | Lair:5   | Entered Level 5 of the Lair of Beasts
 18507 | Lair:5   | Found a runed translucent door.
 18801 | Lair:5   | Reached skill level 10 in Short Blades
 18884 | Lair:5   | Found a staircase to the Slime Pits.
 19493 | Lair:5   | Identified the amulet "Cinwamac" {Acrobat rN+ SInv}
 19819 | D:9      | Bought a scroll of teleportation for 42 gold pieces
 19848 | Orc:1    | Entered Level 1 of the Orcish Mines
 19958 | Orc:2    | Entered Level 2 of the Orcish Mines
 19978 | Orc:2    | Found a staircase to the Elven Halls.
 20499 | Orc:2    | Gained mutation: You are partially covered in yellow
                  | scales. (AC +2) [demonic ancestry]
 20499 | Orc:2    | Reached XP level 15. HP: 98/107 MP: 32/32
 20741 | Orc:2    | Found Hirak's Antique Armour Shoppe.
 20818 | Orc:2    | Found Umodaraa's General Store.
 20825 | Orc:2    | Found Gamis's Book Emporium.
 20826 | Orc:2    | Found Hous's Antique Weapon Emporium.
 20828 | Orc:2    | Bought a scroll of identify for 26 gold pieces
 21774 | D:12     | Learned a level 3 spell: Volatile Blastmotes
 21960 | D:12     | Paralysed by a floating eye for 2 turns
 22082 | D:12     | Noticed Sonja
 22088 | D:12     | Killed Sonja
 22866 | D:13     | Noticed Maurice
 22873 | D:13     | Killed Maurice
 22991 | D:13     | Found a frozen archway.
 23179 | IceCv    | Entered an ice cave
 23666 | IceCv    | Got Pinwoocuo's Quarto of Ice
 23679 | IceCv    | Identified the +2 sling of Naaxing {speed, rElec Dex+5}
 23787 | D:13     | Found a runed translucent gate.
 23788 | D:13     | Found a runed translucent gate.
 23788 | D:13     | Noticed turgid's ghost (journeyman OpEE)
 23789 | D:13     | Found a runed translucent gate.
 23831 | D:13     | Killed turgid's ghost
 23853 | D:13     | Identified the +2 cloak of Buunitoj {Will+}
 23866 | D:13     | Identified the +1 pair of gloves of Supple Strength {rElec
                  | rC- Dex+2 Stlth+}
 24159 | D:14     | Found a gate to the Vaults.
 24475 | D:14     | Found an ancient bone altar of Kikubaaqudgha.
 24915 | D:15     | Entered Level 15 of the Dungeon
 24915 | D:15     | Found a hazy altar of Hepliaklqana.
 25157 | D:15     | Gained mutation: You regenerate magic rapidly. [demonic
                  | ancestry]
 25157 | D:15     | Reached XP level 16. HP: 88/115 MP: 33/33
 25353 | D:15     | Found a staircase to the Depths.
 25726 | D:15     | Identified the +0 chain mail of Iwoyson {rN+++ Regen+ Str-2
                  | Slay-6}
 26204 | Shoals:1 | Entered Level 1 of the Shoals
 27851 | Shoals:2 | Reached skill level 5 in Dodging
 27873 | Shoals:2 | Learned a level 5 spell: Fireball
 27887 | Shoals:2 | Learned a level 2 spell: Poisonous Vapours
 28057 | Shoals:2 | Noticed Jorgrun
 28060 | Shoals:2 | Noticed Polyphemus
 28502 | Shoals:2 | Killed Polyphemus
 28549 | Shoals:2 | Killed Jorgrun
 29338 | Shoals:3 | Reached skill level 5 in Stealth
 30169 | Shoals:3 | Gained mutation: When hurt, damage is shared between your
                  | health and your magic reserves. [demonic ancestry]
 30169 | Shoals:3 | Reached XP level 17. HP: 83/122 MP: 20/35
 30173 | Shoals:3 | Reached skill level 10 in Armour
 30862 | Shoals:4 | Entered Level 4 of the Shoals
 30987 | Shoals:4 | Found the +1 cloak of Starlight {*Dazzle EV+4 Stlth--}
 31601 | Shoals:4 | Identified the staff of the Several Servitors {rN+ rCorr
                  | Str+2 Stlth- Necro}
 31604 | Shoals:4 | Got a barnacled rune of Zot
 31606 | Shoals:4 | Identified the staff of Ointment {rElec Will+ Str+3 Int-2
                  | Air}
 31765 | Shoals:4 | Identified the +9 dagger of Egoam {heavy, rN+ SInv}
 32366 | Shoals:4 | Reached skill level 15 in Spellcasting
 33460 | Shoals:4 | Reached skill level 15 in Fire Magic
 33726 | Spider:1 | Entered Level 1 of the Spider Nest
 34013 | Temple   | Fell from the grace of Ignis
 34013 | Temple   | Became a worshipper of the Wu Jian Council
 35082 | Spider:1 | Noticed Louise
 35099 | Spider:1 | Reached * piety under Wu Jian
 35103 | Abyss:3  | Cast into level 3 of the Abyss (Louise)
 35337 | Abyss:3  | Noticed a walking earthen tome
 35349 | Abyss:3  | Paralysed by accursed screaming for 2 turns
 35374 | Abyss:3  | Reached ** piety under Wu Jian
 35383 | Spider:1 | Escaped the Abyss
 35384 | Spider:1 | HP: 4/100 [steelbarb worm (4)]
 35384 | Spider:1 | HP: 1/100 [starcursed mass (1)]
 35386 | Spider:1 | Killed from afar by a starcursed mass

Illustrated notes

Levels and vault maps discovered:
D:1:      dpeg_arrival_lava_altar, layout_rooms, roderic_lattice_a,
          hangedman_glass_teeth
D:2:      layout_basic, basic_altar, uniq_terence
D:3:      layout_basic, serial_shops, nicolae_shop_hallway_plus,
          eino_tiny_chamber, nicolae_titane
D:4:      layout_basic, nicolae_overflow_two_pavilions, uniq_menkaure
D:5:      layout_rooms, lightli_corner_chamber, uniq_crazy_yiuf_cottage,
          uniq_duvessa
D:6:      layout_loops_ring, minivault_25, minivault_5
D:7:      layout_basic, minmay_temple_entry_junction_2,
          nicolae_ossuary_entry_catacombs
D:8:      layout_basic, minmay_lair_entry_grove, st_stairs_1
D:9:      layout_cave_pods, serial_shops, shop, nicolae_elevator_lobby_asterisk,
          uniq_amaemon, uniq_joseph
D:10:     lemuel_ice_statue, layout_long_grid, orc_david_3, uniq_maggie,
          uniq_nergalle
D:11:     nzn_winding_woodlands_stair_trap [nzn_winding_woodlands_5x15_garden,
          nzn_winding_woodlands_5x15_jagged, nzn_winding_woodlands_5x15_parted,
          nzn_winding_woodlands_15x15_killbox,
          nzn_winding_woodlands_5x15_default,
          nzn_winding_woodlands_5x15_concentric,
          nzn_winding_woodlands_5x15_default], layout_irregular_city,
          nicolae_trove_entry_crystal, grunt_decor_mini_mirrors,
          elyvilon_altar_5, uniq_erolcha
D:12:     layout_loops_ring, amethyst_killhole, onia_ninara_cookie, uniq_sonja
D:13:     layout_big_octagon, portal_ice_cave_entry_ice_simulacra,
          gammafunk_ghost_nasty_kobolds, uniq_maurice
D:14:     layout_basic, skrybe_vaults_entry_preservation,
          nicolae_kikubaaqudgha_miasma_corner
D:15:     grunt_enter_depths_snipers, layout_loops_ring, bh_walls_and_bars,
          nzn_hepliaklqana_mist_gate
Temple:   mainiacjoe_temple_big_plus
Lair:1:   layout_gridlike, nicolae_volcano_entry_hallway
Lair:2:   gammafunk_lair_enchanted_lake, layout_cave_pods,
          minmay_shoals_entry_beasts, spider_nest_entry_web_field,
          lemuel_old_faithful
Lair:3:   layout_misc_corridors, st_stairs_4, lemuel_fruit_fields,
          lemuel_fruit_tree
Lair:4:   layout_hall_layers, grunt_megastairs_2
Lair:5:   hangedman_lair_tendril_chambers, layout_cellular_growth, wormcave,
          slime_entry_1, hibernation_bobbens
Shoals:1: layout_shoals, nicolae_shoals_drake_roost
Shoals:2: layout_shoals, uniq_jorgrun, uniq_polyphemus
Shoals:3: cheibrodos_shoals_oceanic_diplomacy, layout_shoals
Shoals:4: shoals_end_hellmonk_holy_island
Spider:1: layout_spider_delve, hangedman_spider_tarantella_strand, uniq_louise
Orc:1:    layout_caves
Orc:2:    st_orc_open, layout_caves, mines_bat_river

Skill      XL: |  1  2  3  4  5  6  7  8  9 10 11 12 13 14 15 16 17 |
---------------+----------------------------------------------------+-----
Long Blades    | 3 |  3.2
Fire Magic     | 3 4 5 6 7 8 10 11 12 13 14 15 | 15.0
Armour         | 1 2 3 4 5 6 7 8 9 10 | 10.8
Spellcasting   | 2 3 5 6 8 9 10 11 12 13 14 15 | 15.3
Dodging        | 1 2 3 4 5 6 |  6.1
Poison Magic   | 1 |  1.3
Transmutations | 1 |  1.0
Short Blades   | 1 2 4 6 7 8 10 11 12 13 | 13.1
Throwing       | 1 2 4 5 7 8 9 |  9.4
Fighting       | 4 5 6 7 8 9 |  9.0
Stealth        | 1 2 3 4 5 |  5.1
Conjurations   | 1 2 4 |  4.0

Action                     |  1- 3 |  4- 6 |  7- 9 | 10-12 | 13-15 | 16-18 || total
---------------------------+-------+-------+-------+-------+-------+-------++-------
  Melee: Falchion          |    89 |    17 |       |       |       |       ||   106
         Punch             |     2 |       |     3 |     7 |     9 |    17 ||    38
         Dagger            |       |    44 |    32 |   200 |   624 |   611 ||  1511
         Touch             |       |     5 |    30 |    63 |   169 |   164 ||   431
         Quick blade       |       |       |   146 |    84 |       |       ||   230
         Bite              |       |       |    10 |    64 |   119 |   132 ||   325
  Throw: Boomerang         |       |     2 |    32 |    95 |   194 |   105 ||   428
         Javelin           |       |       |       |       |       |     5 ||     5
   Cast: Scorch            |     7 |    57 |   154 |   175 |   168 |    69 ||   630
         Sting             |       |       |     6 |       |       |       ||     6
         Flame Wave        |       |       |       |       |    18 |     8 ||    26
         Sticky Flame      |       |       |       |       |     4 |       ||     4
         Volatile Blastmot |       |       |       |       |     1 |       ||     1
         Fireball          |       |       |       |       |       |    52 ||    52
 Invoke: Fiery Armour      |     1 |     1 |     1 |     2 |       |       ||     5
         Foxfire Swarm     |       |       |     1 |     4 |       |       ||     5
         Rising Flame      |       |       |       |     1 |       |       ||     1
Ability: Whirlwind         |       |       |       |       |       |     4 ||     4
         Lunge             |       |       |       |       |       |     1 ||     1
  Evoke: Wand              |       |       |       |     1 |     2 |       ||     3
    Use: Scroll            |       |     1 |    17 |     5 |    16 |     6 ||    45
         Potion            |       |       |     2 |    11 |     2 |     9 ||    24
   Stab: Distracted        |       |       |       |     1 |    12 |     8 ||    21
         Sleeping          |       |       |       |       |     4 |     2 ||     6
         Invisible         |       |       |       |       |       |     4 ||     4
 Armour: Robe              |     2 |       |       |       |       |       ||     2
         Scale mail        |    36 |    31 |   117 |    63 |   291 |   431 ||   969
         Chain mail        |       |       |       |   102 |    79 |       ||   181
  Dodge: Dodged            |    43 |    54 |   120 |   100 |   229 |   371 ||   917

Table legend: (Time is in decaauts)
 A = Elapsed time spent in this place.
 B = Non-inter-level travel time spent in this place.
 C = Inter-level travel time spent in this place.
 D = Time resting spent in this place.
 E = Time spent auto-exploring this place.
 F = Levels seen in this place.
 G = Mean time per level.
                   A        B        C        D        E       F      G
               +--------+--------+--------+--------+--------+-----+--------+
         Total |  34962 |  33010 |   1952 |   6288 |  17621 |  32 | 1092.6 |
       Dungeon |  16901 |  15781 |   1120 |   1470 |  11154 |  15 | 1126.7 |
        Temple |     68 |     37 |     31 |      0 |      0 |   1 |   68.0 |
          Lair |   7317 |   6741 |    576 |   1186 |   3506 |   5 | 1463.4 |
        Shoals |   6882 |   6699 |    183 |   2570 |   2040 |   4 | 1720.5 |
   Spider Nest |    101 |    101 |      0 |      0 |     19 |   1 |  101.0 |
  Orcish Mines |   1772 |   1733 |     39 |    330 |    797 |   2 |  886.0 |
         Abyss |    239 |    239 |      0 |     43 |      0 |   1 |  239.0 |
       Ossuary |    477 |    477 |      0 |     94 |    103 |   1 |  477.0 |
      Ice Cave |    525 |    525 |      0 |    366 |      0 |   1 |  525.0 |
       Volcano |    677 |    677 |      0 |    227 |      0 |   1 |  677.0 |
               +--------+--------+--------+--------+--------+-----+--------+

Top non-repeatable levels by time:
  Lair:2: 2794 daAuts
Shoals:4: 1959 daAuts
    D:11: 1816 daAuts
  Lair:5: 1806 daAuts
Shoals:2: 1733 daAuts
Shoals:3: 1596 daAuts
Shoals:1: 1592 daAuts
     D:9: 1545 daAuts
    D:10: 1456 daAuts
     D:2: 1378 daAuts
     D:8: 1374 daAuts
  Lair:1: 1269 daAuts
   Orc:2: 1082 daAuts
    D:12: 1068 daAuts
     D:3: 1046 daAuts
